 Dungeon Crawl Stone Soup version 0.24-a0-420-g24607be9ce (webtiles) character file.

Game seed: 15018283399744706448

53 nikopol the Firebug (level 3, 0/19 HPs)
             Began as a Deep Elf Fire Elementalist on June 11, 2019.
             Succumbed to a kobold's poison
             ... on level 2 of the Dungeon.
             The game lasted 00:03:31 (1082 turns).

nikopol the Firebug (Deep Elf Fire Elementalist)    Turns: 1082, Time: 00:03:32

Health: 0/19       AC:  2    Str:  5    XL:     3   Next: 64%
Magic:  10/10      EV: 18    Int: 20    God:
Gold:   61         SH:  0    Dex: 20    Spells: 3/9 levels left

rFire    . . .     SeeInvis .   k - +2 short sword (venom)
rCold    . . .     Gourm    .   (no shield)
rNeg     . . .     Faith    .   a - +0 robe
rPois    .         Spirit   .   (no helmet)
rElec    .         Reflect  .   (no cloak)
rCorr    .         Harm     .   (no gloves)
MR       .....                  (no boots)
Stlth    ++++......             (no amulet)
HPRegen  0.06/turn              (no ring)
MPRegen  0.12/turn              (no ring)

@: agile, lethally poisoned (0 -> -4)
A: no striking features
a: no special abilities


You were on level 2 of the Dungeon.
You were not hungry.

You visited 1 branch of the dungeon, and saw 3 of its levels.

You collected 61 gold pieces.

Inventory:

Hand Weapons
 k - a +2 short sword of venom (weapon)
Armour
 a - a +0 robe (worn)
Jewellery
 d - an uncursed ring of resist corrosion {unknown}
Potions
 e - a potion of cancellation
 i - a potion of agility
Comestibles
 c - 2 rations
 j - 6 chunks of flesh


   Skills:
 + Level 2.6 Dodging
 + Level 2.8 Stealth
 + Level 3.8 Spellcasting
 + Level 1.4 Conjurations
 + Level 4.3 Fire Magic


You had 3 spell levels left.
You knew the following spells:

 Your Spells              Type           Power        Failure   Level  Hunger
a - Flame Tongue          Conj/Fire      ###..        4%          1    None
b - Throw Flame           Conj/Fire      ###...       6%          2    ##.....
c - Conjure Flame         Conj/Fire      ###.....     12%         3    ###....

Your spell library contained the following spells:

 Spells                   Type           Power        Failure   Level  Hunger
 Inner Flame              Hex/Fire       ##......     16%         3    ###....
 Sticky Flame             Conj/Fire      ###.....     36%         4    ####...
 Fireball                 Conj/Fire      ###.......   73%         5    ######.


Dungeon Overview and Level Annotations

Branches:
Dungeon (3/15)

Altars:


Message History

* * * LOW HITPOINT WARNING * * *
You feel sick.
As you read the scroll labeled KOWAICWOLUR, it crumbles to dust.
You feel blessed for a moment.
It was a scroll of remove curse.
Your surroundings suddenly seem different.
It was a potion of cancellation.
You feel magically purged.
* * * LOW HITPOINT WARNING * * *
You feel sick.
It was a potion of agility.
You feel agile all of a sudden.
* * * LOW HITPOINT WARNING * * *
You feel sick.
* * * LOW HITPOINT WARNING * * *
You feel sick.
* * * LOW HITPOINT WARNING * * *
You feel sick.
* * * LOW HITPOINT WARNING * * *
You feel sick.
Some of the chunks of flesh in your inventory have rotted away.
You die...

****** *,*#...# ###...#########.
,,,,* *,*#.#.# #.......).......
***,****,*#.#.# #.#...#..)......
*,,,,,*#.....># #.#...#.........
*,*,,*,####.### #.##........^...
*,*,***,,,..######.#####.........
,*,,,*,***####......####........#
*,***,** #.#................# ***
*** **,#@#......####.##.#
#....#..###.# #.....
#..###..#*#.####.##.#
#..**#..#............
#.......#.#.#####...#
***#.####.......* #.#.# *,,(,*
#.......* #...# ***,..***
#.......# #..## *,,,,,,,*
#.......# #....


There were no monsters in sight!

Vanquished Creatures
  An ooze (D:2)
  A worm (D:2)
  2 leopard geckos (D:2)
  An orc (D:3)
  6 bats
  6 goblins
  8 hobgoblins
  6 jackals
  A frilled lizard (D:1)
  A kobold (D:2)
  4 rats
37 creatures vanquished.

Notes
Turn   | Place    | Note
-------+----------+-------------------------------------------
     0 | D:1      | nikopol the Deep Elf Fire Elementalist began the quest for
                  | the Orb.
     0 | D:1      | Reached XP level 1. HP: 10/10 MP: 6/6
   175 | D:1      | Reached XP level 2. HP: 15/15 MP: 5/8
   286 | D:1      | Reached skill level 4 in Fire Magic
   700 | D:2      | Reached XP level 3. HP: 19/19 MP: 4/9
   753 | D:2      | Learned a level 2 spell: Throw Flame
   757 | D:2      | Learned a level 3 spell: Conjure Flame
  1042 | D:2      | You fall into a shaft and drop 1 floor!
  1082 | D:2      | Succumbed to a kobold's poison

Levels and vault maps discovered:
D:1:      nzn_arrival_crosshair, layout_basic
D:2:      layout_loops_cross
D:3:      layout_loops_cross, marbit_many_paths, minmay_misc_feat_roman,
          uniq_sigmund, uniq_robin

Skill      XL: |  1  2 |
---------------+-------+-----
Fire Magic     | 4 |  4.3
Dodging        | |  2.6
Stealth        | |  2.8
Spellcasting   | |  3.8
Conjurations   | |  1.4

Action                   || total
-------------------------++-------
 Cast: Flame Tongue      ||    59
  Use: Scroll            ||     4
       Potion            ||     2
Armor: Robe              ||     2
Dodge: Dodged            ||    22

Table legend:
 A = Non-vault XP
 B = Vault XP
 C = Vault XP percentage of total XP
 D = Non-vault monster count
 E = Vault monster count
 F = Vault count percentage of total count
                 A         B        C        D         E       F
            +---------+---------+-------+---------+---------+-------
      Total |      77 |       0 |   0.0 |      37 |       0 |   0.0
            +---------+---------+-------+---------+---------+-------
        D:1 |      33 |       0 |   0.0 |      18 |       0 |   0.0
        D:2 |      41 |       0 |   0.0 |      18 |       0 |   0.0
        D:3 |       3 |       0 |   0.0 |       1 |       0 |   0.0
            +---------+---------+-------+---------+---------+-------
